 Dungeon Crawl Stone Soup version 0.25-a0-44-g29a1220a87 (webtiles) character file.

Game seed: 2196654015213720146, levelgen mode: deterministic

16 BryzzWind the Insei (level 2, -6/18 HPs)
             Began as an Octopode Transmuter on Oct 23, 2019.
             Killed by divine providence
             ... invoked by an orc priest
              (12 damage)
             ... on level 2 of the Dungeon.
             The game lasted 00:01:48 (838 turns).

BryzzWind the Insei (Octopode Transmuter)            Turns: 838, Time: 00:01:48

Health: -6/18      AC:  1    Str:  9    XL:     2   Next: 58%
Magic:  4/5        EV: 13    Int: 15    God:
Gold:   121        SH:  0    Dex: 12    Spells: 4/5 levels left

rFire    . . .     SeeInvis .     - Unarmed
rCold    . . .     Gourm    .   (no shield)
rNeg     . . .     Faith    .   (helmet restricted)
rPois    .         Spirit   .   (no amulet)
rElec    .         Reflect  .   (no ring)
rCorr    .         Harm     .   (no ring)
MR       .....                  (no ring)
Stlth    ++........             (no ring)
HPRegen  0.06/turn              (no ring)
MPRegen  0.09/turn              (no ring)
                                (no ring)
                                (no ring)

@: appendage (expiring)
A: almost no armour, stealthy swim, amphibious, 8 rings, constrict 8, tentacle
spike 3, camouflage 1, gelatinous body 1
a: End Transformation


You were on level 2 of the Dungeon.
You were not hungry.
One of your tentacles had a temporary spike.
You visited 1 branch of the dungeon, and saw 2 of its levels.

You collected 121 gold pieces.

Inventory:

Missiles
 a - 12 arrows
Scrolls
 e - 5 scrolls of identify {unknown}
 f - a scroll of amnesia {unknown}
 g - a scroll of noise {unknown}
 h - a scroll of enchant weapon {unknown}
 j - a scroll of remove curse {unknown}
 l - a scroll of blinking {unknown}
Potions
 b - a potion of brilliance {unknown}
 d - a potion of resistance {unknown}
 i - a potion of haste {unknown}
 k - a potion of might {unknown}
Comestibles
 c - 5 rations


   Skills:
 - Level 1.0 Fighting
 * Level 2.5 Dodging
 * Level 3.4 Unarmed Combat
 - Level 2.0 Spellcasting
 - Level 2.0 Transmutations


You had 4 spell levels left.
You knew the following spells:

 Your Spells              Type           Power        Failure   Level  Hunger
a - Beastly Appendage     Tmut           #.....       10%         1    #......

Your spell library contained the following spells:

 Spells                   Type           Power        Failure   Level  Hunger
 Sticks to Snakes         Tmut           #.......     14%         2    ###....
 Spider Form              Tmut/Pois      #.........   41%         3    ###....
 Ice Form                 Ice/Tmut       #.......     82%         4    #####..
 Blade Hands              Tmut           #.........   95%         5    ######.


Dungeon Overview and Level Annotations

Branches:
Dungeon (2/15)

Altars:


Innate Abilities, Weirdness & Mutations

You cannot wear most types of armour.
You are very stealthy in the water. (Stealth+)
You are amphibious.
You can wear up to eight rings at the same time.
You can use your tentacles to constrict eight enemies at once.
Your skin changes colour to match your surroundings (Stealth+).
Your rubbery body absorbs attacks. (AC +1, EV +1)
One of your tentacles bears a large vicious spike.


Message History

The orc wizard hits you with a +0 dagger.
A jackal comes into view.
A rat comes into view.
You tentacle-slap the orc wizard.
The orc wizard is heavily wounded.
Your transformation is almost over.
You constrict the orc wizard.
The orc wizard hits you with a +0 dagger.
The ball python bites you. The ball python closely misses you.
You are too injured to fight recklessly!
You are too injured to fight recklessly!
You tentacle-slap the orc priest. You grab the orc priest.
The orc priest is lightly wounded.
You constrict the orc priest. You constrict the orc wizard.
The orc wizard casts a spell.
The orc wizard flickers and vanishes!
Deactivating autopickup; reactivate with Ctrl-A.
The orc priest invokes the aid of Beogh against you.
Beogh smites you!
Ouch! That really hurt!
You die...

## ...######
........# ....h...#
...h..S.# ########
....oS{@## #......##
..r...o..####.####..#
...w###.>.##..#
##.### ... #.#....##
#...## . #..##..###
###..# .. #
##..#....# ##.# .##.#
.# ##...##.## #.#
.#.##. ##......###
#.# ..... ##.##.†..##
#.#


You could see a worm, an orc priest, an adder, an orc, 2 jackals, a ball python
and a rat.

Vanquished Creatures
  A dart slug (D:2)
  3 bats
  A giant cockroach (D:2)
  3 goblins
  2 hobgoblins
  A frilled lizard (D:1)
  2 kobolds (D:1)
  A rat (D:2)
14 creatures vanquished.

Notes
Turn   | Place    | Note
-------+----------+-------------------------------------------
     0 | D:1      | BryzzWind the Octopode Transmuter began the quest for the
                  | Orb.
     0 | D:1      | Reached XP level 1. HP: 13/13 MP: 3/3
   376 | D:1      | Reached XP level 2. HP: 18/18 MP: 3/5
   838 | D:2      | Killed from afar by an orc priest

Levels and vault maps discovered:
D:1:      psy_arrival_radial01, layout_basic
D:2:      layout_rooms

Action                   || total
-------------------------++-------
Melee: Unarmed           ||    41
       Constrict         ||    14
       Kick              ||     8
       Tentacles         ||     3
 Cast: Beastly Appendage ||    11
 Stab: Sleeping          ||     1
Armor: Skin              ||     3
Dodge: Dodged            ||    28

Table legend:
 A = Non-vault XP
 B = Vault XP
 C = Vault XP percentage of total XP
 D = Non-vault monster count
 E = Vault monster count
 F = Vault count percentage of total count
                 A         B        C        D         E       F
            +---------+---------+-------+---------+---------+-------
      Total |      24 |       0 |   0.0 |      14 |       0 |   0.0
            +---------+---------+-------+---------+---------+-------
        D:1 |      13 |       0 |   0.0 |       8 |       0 |   0.0
        D:2 |      11 |       0 |   0.0 |       6 |       0 |   0.0
            +---------+---------+-------+---------+---------+-------
